 Dungeon Crawl Stone Soup version 0.19-a0-1732-g0b18a7b (webtiles) character file.

5134 Amnesiac the Thaumaturge (level 10, -1/50 HPs)
             Began as a Deep Elf Earth Elementalist on Sept 30, 2016.
             Was an Initiate of Gozag.
             Slain by an orc warrior
             ... wielding a +0 dire flail
              (23 damage)
             ... on level 9 of the Dungeon.
             The game lasted 00:26:31 (11077 turns).

Amnesiac the Thaumaturge (DEEE)                    Turns: 11077, Time: 00:26:32

Health: -1/50      AC:  6    Str:  5    XL:     10   Next: 33%
Magic:  15/28      EV: 13    Int: 24    God:    Gozag
Gold:   219        SH:  0    Dex: 18    Spells: 4 memorised, 21 levels left

rFire  . . .     SeeInvis .     I - +2 dagger (elec)
rCold  . . .     Gourm    .     c - +0 robe
rNeg   + . .     Faith    .     (no shield)
rPois  +         Spirit   .     A - +0 helmet
rElec  .         Dismiss  .     n - +0 cloak
rCorr  +         Reflect  .     H - +0 pair of gloves (curse)
MR     +....     Harm     .     M - +0 pair of boots
Stlth  +++++.....               (no amulet)
                                r - ring of resist corrosion
                                C - ring "Kasinad" {rPois rN+ Int+3}

@: gold aura, very slightly contaminated
A: wild magic 1
a: Potion Petition, Call Merchant, Bribe Branch, Renounce Religion


You were on level 9 of the Dungeon.
You worshipped Gozag.
Gozag was aware of your devotion.
You were not hungry.

You visited 2 branches of the dungeon, and saw 10 of its levels.
You also visited: Sewer.

You collected 1120 gold pieces.
You spent 758 gold pieces at shops.
You paid 143 gold pieces to Gozag.

Inventory:

Hand Weapons
 I - a +2 dagger of electrocution (weapon)
 J - a +2 dagger of venom
Missiles
 v - a throwing net (quivered)
 B - 221 stones
Armour
 c - a +0 robe (worn)
 n - a +0 cloak (worn)
 A - a +0 helmet (worn)
 H - a cursed +0 pair of gloves (worn)
 M - a +0 pair of boots (worn)
 Q - the +3 buckler "Ysocuej" {rF++ rC++ Str-5}
   (You bought it in a shop on level 6 of the Dungeon)

   It affects your strength (-5).
   It greatly protects you from fire.
   It greatly protects you from cold.
Jewellery
 l - an uncursed ring of ice
 r - a ring of resist corrosion (right hand)
 C - the ring "Kasinad" (left hand) {rPois rN+ Int+3}
   (You found it on level 6 of the Dungeon)

   [ring of intelligence]

   It affects your intelligence (+3).
   It protects you from poison.
   It protects you from negative energy.
 R - an uncursed amulet of magic regeneration {unknown}
Wands
 g - a wand of iceblast (8/15)
 L - a wand of acid (9/15)
Scrolls
 b - 5 scrolls of teleportation {unknown}
 f - 3 scrolls of blinking {unknown}
 h - 2 scrolls of identify
 i - 6 scrolls of enchant armour {unknown}
 k - 2 scrolls of enchant weapon {unknown}
 q - a scroll of amnesia {unknown}
 t - 5 scrolls of remove curse {unknown}
 w - a scroll of recharging {unknown}
 y - a scroll of magic mapping {unknown}
 E - 2 scrolls of random uselessness {unknown}
 G - 2 scrolls of fog {unknown}
Potions
 e - a potion of cure mutation
 j - 4 potions of might
 m - 2 potions of berserk rage
 o - 10 potions of curing
 p - 9 potions of heal wounds
 s - 3 potions of agility
 x - 6 potions of brilliance
 z - a potion of invisibility
 F - 7 potions of flight
 K - 2 potions of cancellation
 O - a potion of magic
Books
 a - a book of Minor Magic

   Spells                             Type                      Level
   a - Magic Dart                     Conjuration                  1
   b - Blink                          Translocation                2
   c - Call Imp                       Summoning                    2
   d - Repel Missiles                 Charms/Air                   2
   e - Slow                           Hexes                        2
   f - Conjure Flame                  Conjuration/Fire             3
   g - Mephitic Cloud                 Conjuration/Poison/Air       3
 N - a book of Air

   Spells                             Type                      Level
   a - Shock                          Conjuration/Air              1
   b - Swiftness                      Charms/Air                   2
   c - Repel Missiles                 Charms/Air                   2
   d - Static Discharge               Conjuration/Air              3
   e - Lightning Bolt                 Conjuration/Air              5
Comestibles
 d - 5 bread rations
 u - 3 meat rations
 D - 10 slices of pizza
 P - 10 fruits


   Skills:
 - Level 8.0 Short Blades
 - Level 2.4 Dodging
 - Level 10.0 Stealth
 + Level 2.8 Shields
 - Level 12.0 Spellcasting
 - Level 4.0 Transmutations
 - Level 4.0 Earth Magic


You had 21 spell levels left.
You knew the following spells:

 Your Spells              Type           Power        Failure   Level  Hunger
a - Sandblast             Erth           #####.       1%          1    None
e - Petrify               Tmut/Erth      #####...     14%         4    None
f - Lee's Rapid Deconstr  Erth           #####.....   32%         5    ###....
v - Passwall              Tmut/Erth      #####.....   2%          2    None


Dungeon Overview and Level Annotations

Branches:
Dungeon (9/15)             Temple (1/1) D:6
   Lair: D:8-11         Orc: D:9-12

Altars:
Ashenzari
Cheibriados
Dithmenos
Elyvilon
Fedhas
Gozag
Hepliaklqana
Kikubaaqudgha
Makhleb
Nemelex Xobeh
Okawaru
Qazlal
Ru
Sif Muna
Trog
Uskayaw
Vehumet
Xom
Yredelemnul
Zin
The Shining One

Shops:
D:6 (*[[*   D:8 =


Innate Abilities, Weirdness & Mutations

Your spells are a little harder to cast, but a little more powerful.


Message History

The orc is lightly wounded.
The orc hits you with a mace.
You hit the orc.
The orc is lightly wounded.
An orc warrior comes into view. It is wielding a dire flail.
The orc warrior shouts!
You hit the orc.
The orc is heavily wounded.
The orc closely misses you.
You hit the orc.
You kill the orc!
Casting: Petrify
Confirm with . or Enter, or press ? or * to list all spells.
Aiming: Petrify
Press: ? - help, Shift-Dir - straight line, f - orc warrior
Aim: an orc warrior, wielding a dire flail and wearing a chain mail (chance to defeat MR: 69%)
The orc warrior is moving more slowly.
The orc warrior hits you with a dire flail!!
You die...
Your body crumbles into a pile of gold.

#.....##.# ##.#
##...###.######...
##.......))..^...
#.####.######...
###.####.#######..
#....$............
#.#.####.#########
#o#.# #.#
############@#.#
#.#
#..........$...#
#.#
#......##.####.#
.. ######.##.# #.#
+8 #.##.# ##.## o
#.##.###.#.#
#.##.##.####
#.##.#.##
#.##.##.####


You could see an orc warrior (petrifying).

Vanquished Creatures
  Grinder (D:5)
  Prince Ribbit (D:9)
  3 hippogriffs (D:9)
  A vampire (D:9)
  Sigmund (D:5)
  A human (D:9)
  2 hungry ghosts
  An ice beast (D:8)
  2 orc warriors
  2 sky beasts
  An eye of draining (D:7)
  3 phantoms
  2 ogres
  A centaur (D:9)
  2 crocodiles
  3 big kobolds (Sewer)
  The ghost of Amnesiac the Changer, an amateur DEEE (D:4)
  4 bullfrogs
  3 scorpions
  4 killer bees (D:9)
  A howler monkey (D:5)
  3 bullfrog zombies
  A quasit (D:8)
  An orc priest (D:4)
  2 centaur skeletons
  8 hounds
  5 orc wizards
  3 iguanas
  Natasha (thrice) (D:2)
  7 worker ants
  A hound zombie (D:5)
  A worker ant zombie (D:5)
  Robin (D:4)
  4 gnolls (D:4)
  16 adders
  4 river rats
  2 shadow imps
  6 oozes
  6 worms
  3 dart slugs
  3 leopard geckos
  22 orcs
  5 ball pythons (Sewer)
  7 giant cockroaches
  15 goblins
  4 hobgoblins
  4 jackals (D:2)
  17 kobolds
  5 quokkas
  9 bats
  5 frilled lizards
  A giant cockroach zombie (D:5)
  A quokka skeleton (D:5)
  34 rats
249 creatures vanquished.

Notes
Turn   | Place    | Note
-------+----------+-------------------------------------------
     0 | D:1      | Amnesiac the Deep Elf Earth Elementalist began the quest for the Orb.
     0 | D:1      | Reached XP level 1. HP: 10/10 MP: 6/6
   229 | D:2      | Reached XP level 2. HP: 15/15 MP: 6/8
   233 | D:2      | Learned a level 2 spell: Passwall
   284 | D:2      | Found a bloodstained altar of Trog.
   703 | D:4      | Reached XP level 3. HP: 18/19 MP: 5/9
   769 | D:4      | Noticed a phantom
   817 | D:4      | Killed a phantom
   817 | D:4      | Reached XP level 4. HP: 22/24 MP: 0/10
   817 | D:4      | Reached XP level 5. HP: 26/28 MP: 0/11
   930 | D:4      | Learned a level 4 spell: Petrify
  1005 | D:4      | Found a burning altar of Makhleb.
  1007 | D:4      | Noticed a blizzard demon
  1008 | D:4      | Found a glowing silver altar of Zin.
  1008 | D:4      | Noticed an angel
  1375 | D:4      | Reached skill level 4 in Spellcasting
  1631 | D:4      | Noticed Robin
  1672 | D:4      | Noticed Amnesiac's ghost (amateur DEEE)
  1693 | D:4      | Killed Amnesiac's ghost
  1693 | D:4      | Reached skill level 5 in Spellcasting
  1696 | D:4      | Reached XP level 6. HP: 32/32 MP: 5/16
  1982 | D:4      | Reached skill level 6 in Spellcasting
  2080 | D:4      | Reached skill level 1 in Short Blades
  2084 | D:4      | Found a deep blue altar of Sif Muna.
  2201 | D:4      | Killed Robin
  2559 | D:5      | Entered Level 5 of the Dungeon
  2680 | D:5      | Noticed Grinder
  2680 | D:5      | Reached XP level 7. HP: 36/36 MP: 14/18
  2693 | D:5      | Killed Grinder
  2693 | D:5      | Reached skill level 5 in Stealth
  2844 | D:5      | Noticed Sigmund
  2854 | D:6      | Found Oxuet's Assorted Antiques.
  2982 | D:6      | Got a heavily runed steel ring
  2992 | D:6      | Found Ukutir's Antique Armour Shop.
  2993 | D:6      | Found Ereebluo's Assorted Antiques.
  3015 | D:6      | Found Jainkeibay's Armour Emporium.
  3068 | D:6      | Found a sparkling altar of Nemelex Xobeh.
  3100 | D:6      | Reached skill level 5 in Short Blades
  3115 | D:6      | Found Domnyd's Antique Weapon Shoppe.
  3363 | D:6      | Reached XP level 8. HP: 37/41 MP: 11/19
  3382 | D:6      | Found a glowing drain.
  3386 | Sewer    | Entered a sewer
  3401 | Sewer    | Learned a level 5 spell: Lee's Rapid Deconstruction
  4140 | Sewer    | Reached skill level 7 in Spellcasting
  4567 | D:5      | Reached skill level 8 in Spellcasting
  4658 | D:5      | Killed Sigmund
  4769 | D:5      | Reached skill level 9 in Spellcasting
  5133 | D:5      | Found a snail-covered altar of Cheibriados.
  5249 | D:5      | Reached skill level 10 in Spellcasting
  5411 | D:6      | Found a staircase to the Ecumenical Temple.
  5423 | Temple   | Entered the Ecumenical Temple
  5950 | D:3      | Found a faded altar of an unknown god.
  6702 | D:2      | Noticed Natasha
  6703 | D:2      | Found a radiant altar of Vehumet.
  6706 | D:2      | Found an opulent altar of Gozag.
  6710 | D:2      | Became a worshipper of Gozag Ym Sagoz the Greedy
  6720 | D:2      | Killed Natasha
  7589 | D:2      | Noticed Natasha
  7608 | D:2      | Killed Natasha
  7608 | D:2      | Reached XP level 9. HP: 31/45 MP: 21/25
  7614 | D:2      | Identified the ring "Kasinad" {rPois rN+ Int+3} (You found it on level 6 of the Dungeon)
  7779 | D:2      | Found a white marble altar of Elyvilon.
  7782 | D:2      | Found a basalt altar of Yredelemnul.
  7833 | D:2      | Noticed Natasha
  7839 | D:2      | Killed Natasha
  8116 | D:6      | Bought a scroll labeled COWOMN QYEPLERUWN for 30 gold pieces
  8116 | D:6      | Bought a glowing ruby potion for 27 gold pieces
  8116 | D:6      | Bought a glowing ruby potion for 27 gold pieces
  8116 | D:6      | Bought a sapphire potion for 27 gold pieces
  8116 | D:6      | Bought a copper wand for 120 gold pieces
  8116 | D:6      | Bought a silver wand for 120 gold pieces
  8172 | D:7      | Found a glowing golden altar of the Shining One.
  8941 | D:7      | Reached skill level 10 in Stealth
  8997 | D:6      | Bought a scroll labeled HECRUG FAELAOJ for 25 gold pieces
  8997 | D:6      | Bought a lumpy coppery potion for 22 gold pieces
  8997 | D:6      | Bought a fuming coppery potion for 22 gold pieces
  9013 | D:6      | Bought a +0 pair of boots for 63 gold pieces
  9214 | D:8      | Found Curubow's Jewellery Shoppe.
  9229 | D:8      | Gained mutation: Your spells are a little harder to cast, but a little more powerful. [potion of mutation]
  9229 | D:8      | Gained mutation: Your mind is acute. (Int +2) [potion of mutation]
  9229 | D:8      | Lost mutation: Your mind is acute. (Int +2) [potion of mutation]
  9298 | D:8      | Found a blossoming altar of Fedhas.
  9561 | D:8      | Found a shattered altar of Ashenzari.
 10114 | D:6      | Bought a transparent buckler for 275 gold pieces
 10119 | D:6      | Identified the +3 buckler "Ysocuej" {rF++ rC++ Str-5} (You bought it in a shop on level 6 of the Dungeon)
 10119 | D:6      | Lost strength.
 10325 | D:9      | Reached skill level 11 in Spellcasting
 10325 | D:9      | Reached XP level 10. HP: 50/50 MP: 22/27
 10636 | D:9      | Reached skill level 12 in Spellcasting
 10652 | D:9      | Noticed Prince Ribbit
 10712 | D:9      | Killed Prince Ribbit
 10712 | D:9      | Reached skill level 1 in Shields
 11077 | D:9      | Slain by an orc warrior

Vault maps used:
D:1:      sevenhm_arrival_forest_fort_small_6
D:2:      lightli_temple_of_fire, grunt_temple_overflow_cloverleaf,
          minmay_misc_feat_roman, uniq_natasha
D:3:      ecumenical_altar_1
D:4:      grunt_temple_overflow_order_and_chaos_2, tgw_sif, uniq_robin
D:5:      overflow_temple_1_default, first_bread, serial_park_tiny_1,
          uniq_sigmund, uniq_grinder
D:6:      nemelex_xobeh_ov_fountains_minmay, gup_sewer_entry_spiral,
          serial_shops, shop, shop, shop, shop_coins,
          nicolae_shop_overgrown_old_shop
D:7:      overflow_temple_1_default
D:8:      ashenzari_conservatory_becter, fedhas_altar_fruit_tree, serial_shops,
          shop_fountains
D:9:      david_orc_5, grunt_pizzeria, uniq_prince_ribbit1
Temple:   compressed_dpeg_triangle_lava_temple
Sewer:    sewer_minmay_treatment

Skill      XL: |  1  2  3  4  5  6  7  8  9 10 |
---------------+-------------------------------+-----
Earth Magic    | 4 |  4.0
Transmutations | 3 4 |  4.0
Stealth        | 4 6 7 10 | 10.0
Spellcasting   | 5 6 10 11 12 | 12.0
Short Blades   | 3 5 6 8 |  8.0
Shields        | 2 |  2.8
Dodging        | |  2.4

Action                   |  1- 3 |  4- 6 |  7- 9 | 10-12 || total
-------------------------+-------+-------+-------+-------++-------
Melee: Unarmed           |       |     1 |       |       ||     1
       Dagger            |       |     3 |   416 |    47 ||   466
 Cast: Sandblast         |    50 |    95 |    46 |       ||   191
       Petrify           |       |     1 |    54 |    15 ||    70
       Passwall          |       |     1 |    17 |     7 ||    25
  Use: Scroll            |       |       |    14 |       ||    14
       Potion            |       |       |     1 |     1 ||     2
 Stab: Petrified         |       |     2 |    35 |     4 ||    41
       Sleeping          |       |     1 |    47 |     4 ||    52
       Petrifying        |       |       |     7 |     1 ||     8
       Distracted        |       |       |     1 |     1 ||     2
       Invisible         |       |       |       |     1 ||     1
  Eat: Chunk             |       |     5 |    13 |       ||    18
       Bread ration      |       |       |     2 |       ||     2
       Meat ration       |       |       |     2 |       ||     2
       Pizza             |       |       |     2 |       ||     2
       Beef jerky        |       |       |     1 |       ||     1
Armor: Robe              |     4 |     7 |    84 |     8 ||   103
Dodge: Dodged            |    13 |    26 |   201 |    34 ||   274
